 Dungeon Crawl Stone Soup version 0.27-a0-1557-g57f10a385c (webtiles) character file.

Game seed: 5324659434579726525

18900 sanka the Martial Artist (level 12, 0/88 HPs)
             Began as an Octopode Monk on July 15, 2021.
             Was a Believer of Ashenzari.
             Slain by a blink frog (18 damage)
             ... on level 1 of the Lair of Beasts.
             The game lasted 00:28:37 (17965 turns).

sanka the Martial Artist (Octopode Monk)           Turns: 17965, Time: 00:28:38

Health: 0/88       AC:  1    Str: 17    XL:     12   Next: 63%
Magic:  18/18      EV: 28    Int: 21    God:    Ashenzari [**....]
Gold:   897        SH:  0    Dex: 16    Spells: 11/19 levels left

rFire    . . .     SeeInvis +     - Unarmed
rCold    . . .     Faith    .   (no shield)
rNeg     + + .     Spirit   .   (helmet restricted)
rPois    .         Reflect  .   (no amulet)
rElec    .         Harm     .   k - ring of the Shattered Planets {EV+4, Self, Fort} (curse)
rCorr    .         Rampage  .   m - ring of the Wild Blue Yonder {Int+6, Comp, Fort} (curse)
Will     .....                  s - ring "Omen of the Sphere" {Fire, Comp, Elem} (curse)
Stlth    +++.......             b - ring "Restrained Sybil" {Ice, Elem, Evo} (curse)
HPRegen  0.24/turn              F - ring "Tethered Together" {rN++ Str+6 Slay+2, Fort, Melee} (curse)
MPRegen  0.16/turn              K - +4 ring of evasion
                                (no ring)
                                (no ring)

@: studying Unarmed Combat
A: almost no armour, amphibious, 8 rings, camouflage 1, gelatinous body 1,
(nimble swimmer 1), tentacles
a: Renounce Religion, Curse Item, Shatter the Chains


You were on level 1 of the Lair of Beasts.
You worshipped Ashenzari.
Ashenzari was pleased with you.
You visited 2 branches of the dungeon, and saw 13 of its levels.
You also visited: Sewer.

You collected 897 gold pieces.


Innate Abilities, Weirdness & Mutations

You cannot wear most types of armour.
You are amphibious.
You can wear up to eight rings at the same time.
Your skin changes colour to match your surroundings (Stealth+).
Your rubbery body absorbs attacks. (AC +1, EV +1)
((You are camouflaged near water. (Stealth+)))
You have tentacles for arms and can constrict up to eight enemies at once.


   Skills:
 + Level 9.1(10.5) Fighting
 + Level 12.2 Dodging
 - Level 2.6 Stealth
 + Level 14.8(16.0) Unarmed Combat
 - Level 3.0(4.2) Spellcasting
 - Level 5.0 Transmutations
 - Level 3.0 Poison Magic


You had 11 spell levels left.
You knew the following spells:

 Your Spells              Type           Power      Damage    Failure   Level
s - Swiftness             Air            5%         N/A       30%         3
y - Wereblood             Tmut           25%        N/A       2%          2
z - Spider Form           Tmut/Pois      10%        N/A       7%          3

Your spell library contained the following spells:

 Spells                   Type           Power      Damage    Failure   Level
 Beastly Appendage        Tmut           50%        N/A       1%          1
 Sting                    Tmut/Pois      84%        1d7       2%          1
 Poisonous Vapours        Pois/Air       22%        N/A       9%          2
 Shock                    Conj/Air       20%        1d4       11%         1
 Corona                   Hex            4%         N/A       12%         1
 Magic Dart               Conj           16%        1d3       12%         1
 Corpse Rot               Necr/Air       N/A        N/A       16%         2
 Ensorcelled Hibernation  Hex/Ice        14%        N/A       17%         2
 Static Discharge         Conj/Air       5%         N/A       17%         2
 Searing Ray              Conj           8%         3d3       19%         2
 Summon Guardian Golem    Hex/Summ       5%         N/A       32%         3
 Dazzling Flash           Conj/Hex       8%         N/A       34%         3
 Tukima's Dance           Hex            4%         N/A       34%         3
 Olgreb's Toxic Radiance  Pois           17%        N/A       34%         4
 Airstrike                Air            2%         N/A       71%         4
 Animate Dead             Necr           2%         N/A       71%         4
 Dispel Undead            Necr           5%         3d7       71%         4
 Fulminant Prism          Conj/Hex       2%         3d6       75%         4
 Iskenderun's Mystic Bla  Conj/Tloc      4%         2d3       75%         4
 Borgnjor's Vile Clutch   Necr/Erth      2%         N/A       96%         5
 Lightning Bolt           Conj/Air       2%         1d14      97%         5
 Death Channel            Necr           2%         N/A       100%        6
 Starburst                Conj/Fire      3%         8x6d3     100%        6
 Orb of Destruction       Conj           2%         9d1       100%        7
 Spellforged Servitor     Conj/Summ      2%         N/A       100%        7
 Maxwell's Capacitive Co  Air            2%         ∞         100%        8

Inventory:

Hand Weapons
 c - the +7 trident of the Lusting Hero {flame, rElec Int+5}

   It burns those it strikes, dealing additional fire damage.
   Int:       It affects your intelligence (+5).
   rElec:     It insulates you from electricity.
Missiles
 D - 9 curare-tipped darts (quivered) {=f}
Magical Staves
 E - a staff of conjuration {!a}
Jewellery
 b - the cursed ring "Restrained Sybil" (on tentacle) {Ice, Elem, Evo}

   [ring of ice]

   It enhances your ice magic.
   rF:        It makes you vulnerable to fire.
   rC:        It protects you from cold.
   It has a curse which improves the following skills: Elements: Fire Magic, Ice
   Magic, Air Magic and Earth Magic.
   Evocations: Evocations.
 k - the cursed ring of the Shattered Planets (left tentacle) {EV+4, Self, Fort}

   [ring of evasion]

   EV:        It affects your evasion (+4).
   It has a curse which improves the following skills: Introspection: Fighting
   and Spellcasting.
   Fortitude: Shields.
 m - the cursed ring of the Wild Blue Yonder (right tentacle) {Int+6, Comp, Fort}

   [ring of intelligence]

   Int:       It affects your intelligence (+6).
   It has a curse which improves the following skills: Companions: Summonings
   and Necromancy.
   Fortitude: Shields.
 s - the cursed ring "Omen of the Sphere" (on tentacle) {Fire, Comp, Elem}

   [ring of fire]

   It enhances your fire magic.
   rF:        It protects you from fire.
   rC:        It makes you vulnerable to cold.
   It has a curse which improves the following skills: Companions: Summonings
   and Necromancy.
   Elements:  Fire Magic, Ice Magic, Air Magic and Earth Magic.
 F - the cursed ring "Tethered Together" (on tentacle) {rN++ Str+6 Slay+2, Fort, Melee}

   [ring of strength]

   Str:       It affects your strength (+6).
   Slay:      It affects your accuracy & damage with ranged weapons and melee
   (+2).
   rN:        It greatly protects you from negative energy.
   It has a curse which improves the following skills: Fortitude: Shields.
   Melee Combat: Short Blades, Long Blades, Axes, Maces & Flails, Polearms,
   Staves and Unarmed Combat.
 K - a +4 ring of evasion (on tentacle)
Wands
 l - a wand of mindburst (3)
 o - a wand of paralysis (7)
 q - a wand of polymorph (3)
 t - a wand of flame (63)
 B - a wand of iceblast (5)
 H - a wand of digging (4)
Scrolls
 a - a scroll of brand weapon
 d - 8 scrolls of magic mapping
 f - 2 scrolls of torment {!r}
 i - 7 scrolls of teleportation {@r4}
 v - a scroll of summoning
 w - 2 scrolls of vulnerability {!r}
 y - 2 scrolls of blinking
 z - a scroll of fear
 A - 3 scrolls of enchant weapon
 G - a scroll of amnesia
 L - a scroll of silence {!r}
Potions
 e - 3 potions of heal wounds {@q2}
 g - 2 potions of ambrosia
 h - 3 potions of haste {@q3}
 j - 3 potions of flight
 n - 3 potions of attraction {!q}
 p - a potion of magic
 r - a potion of curing {@q1}
 u - 3 potions of invisibility
 x - a potion of cancellation
 C - a potion of resistance
 I - a potion of brilliance
 J - a potion of berserk rage {!q}
 M - 3 potions of lignification {!q}

Dungeon Overview and Level Annotations

Branches:
Dungeon (11/15)            Temple (0/1) D:4            Lair (2/6) D:9
 Spider (0/4) Lair:2          Orc (0/2) D:10          Sewer (visited)
  Swamp: Lair:2-4    Shoals: Lair:2-4

Altars:
Ashenzari
Cheibriados
Dithmenos
Elyvilon
Kikubaaqudgha
Makhleb
Qazlal
Ru
Vehumet
Xom
The Shining One

Shops:
D:8 [ D:10

! ▒).▒▒▒
▒▒..[.▒▒▒▒▒▒▒▒▒▒▒▒▒▒▒
▒....................
▒....................
▒▒...................
▒...................
▒...................
▒.F.................
▒..x................
▒...................
▒...................
▒...................
▒.................÷.
▒▒▒▒▒▒▒▒▒▒..▒▒▒▒▒▒▒▒
▒▒▒▒


You could see a blink frog.


Message History

Your transformation is almost over.
A blink frog comes into view.
The catoblepas breathes a plume of calcifying dust at you.
The blast of calcifying dust hits you.
* * * LOW HITPOINT WARNING * * *
A blink frog comes into view.
The blink frog gives a loud, deep croak!
The blink frog blinks!
The blink frog is engulfed in calcifying dust.
The blink frog is moving more slowly.
The blink frog closely misses you.
The blink frog blinks!
The blink frog completely misses you.
Your transformation has ended.
The blink frog misses you. The blink frog completely misses you.
There is a stone staircase leading up here.
The blink frog completely misses you.
The catoblepas breathes a plume of calcifying dust at you.
The blast of calcifying dust hits you.
* * * LOW HITPOINT WARNING * * *
You climb upwards.
There is a stone staircase leading down here.
You tentacle-slap the blink frog. You grab the blink frog.
You squeeze the blink frog!
The blink frog is heavily wounded.
You constrict the blink frog. The blink frog hits you!!
You die...

Action                   |  1- 3 |  4- 6 |  7- 9 | 10-12 || total
-------------------------+-------+-------+-------+-------++-------
Melee: Unarmed           |    55 |   118 |   246 |   431 ||   850
       Constrict         |    10 |    35 |    46 |    44 ||   135
       Tentacles         |     6 |    18 |    48 |    48 ||   120
       Punch             |     1 |     4 |    18 |    27 ||    50
 Cast: Spider Form       |       |       |       |    22 ||    22
Invok: Curse Item        |       |     1 |     2 |     2 ||     5
Evoke: Wand              |       |     3 |    12 |     6 ||    21
  Use: Scroll            |       |       |     1 |       ||     1
       Potion            |       |       |       |     3 ||     3
 Stab: Sleeping          |    14 |     6 |    11 |     6 ||    37
       Distracted        |       |     1 |     3 |       ||     4
Armor: Skin              |     2 |     1 |    14 |     3 ||    20
Dodge: Dodged            |    21 |    89 |   234 |   467 ||   811

Levels and vault maps discovered:
D:1:      evilmike_arrival_home_sweet_home, layout_loops_corners,
          serial_bayou_ford_a
D:2:      layout_loops_cross, basic_ecumenical_altar, uniq_jessica,
          uniq_crazy_yiuf_cottage
D:3:      layout_loops_ring, chequers_serial_rivers_large_a,
          minmay_gold_behind_fungi
D:4:      mumra_celtic_spiral_tile, layout_cave_pools, vehumet_crystals,
          lemuel_coloured_pillars_altar, gammafunk_temple_overflow_wave,
          serial_glass, glass_columns_b, glass_columns_a, glass_columns_a,
          glass_columns_a, glass_columns_b, glass_columns_b,
          serial_park_tiny_pond
D:5:      layout_basic
D:6:      layout_gridville, marbit_many_paths, portal_sewer_entry_a
D:7:      layout_rooms, serial_glass, glass_columns_b, glass_columns_a,
          chequers_serial_rivers_small_a
D:8:      layout_loops_ring, serial_shops, nicolae_shop_waterfront
D:9:      layout_rooms, nicolae_qazlal_eye_of_the_storm, erik_lair_island
D:10:     layout_gridville, slow_altar_1, mainiacjoe_overflow_divided_tiny,
          kennysheep_mini, hiddenorc2_lemuel, serial_shops, nicolae_shop_stone,
          minmay_joined_circles
D:11:     layout_basic, kennysheep_generic_room_10
Lair:1:   layout_long_grid, basic_altar, wad_woods_03, serial_bayou_shore_b,
          lemuel_fruit_tree, uniq_maggie, uniq_grum, uniq_fannar
Lair:2:   layout_chaotic_city, elwin_shoals_entry_stream,
          nicolae_spider_entry_tight_spaces, uniq_urug

Notes
Turn   | Place    | Note
-------+----------+-------------------------------------------
     0 | D:1      | sanka the Octopode Monk began the quest for the Orb.
     0 | D:1      | Reached XP level 1. HP: 16/16 MP: 1/1
   395 | D:1      | Reached XP level 2. HP: 18/21 MP: 2/2
   975 | D:1      | Reached skill level 4 in Unarmed Combat
   985 | D:1      | Reached XP level 3. HP: 17/26 MP: 3/3
  1185 | D:2      | Noticed Jessica
  1197 | D:2      | Killed Jessica
  1317 | D:2      | Reached XP level 4. HP: 31/31 MP: 4/4
  1473 | D:2      | Found a runed translucent door.
  1474 | D:2      | Noticed Crazy Yiuf
  1704 | D:2      | Found a faded altar of an unknown god.
  1765 | D:2      | Reached skill level 5 in Unarmed Combat
  1858 | D:2      | Killed Crazy Yiuf
  2005 | D:3      | Reached XP level 5. HP: 35/36 MP: 5/5
  2795 | D:4      | Reached skill level 6 in Unarmed Combat
  3160 | D:2      | HP: 2/36 [gnoll (12)]
  3952 | D:4      | Found a staircase to the Ecumenical Temple.
  4009 | D:4      | Found a broken altar of Ashenzari.
  4017 | D:4      | Reached XP level 6. HP: 36/42 MP: 6/6
  4058 | D:4      | Became a worshipper of Ashenzari the Shackled
  4158 | D:4      | Found a sacrificial altar of Ru.
  4158 | D:4      | Found a burning altar of Makhleb.
  4184 | D:4      | Found a radiant altar of Vehumet.
  4429 | D:4      | Reached skill level 7 in Unarmed Combat
  5022 | D:5      | Entered Level 5 of the Dungeon
  5032 | D:5      | Noticed a water moccasin
  5038 | D:5      | Killed a water moccasin
  5039 | D:5      | Reached XP level 7. HP: 46/46 MP: 7/7
  5071 | D:5      | Reached skill level 8 in Unarmed Combat
  5088 | D:5      | Identified a scroll of acquirement
  5782 | D:6      | Reached skill level 9 in Unarmed Combat
  5975 | D:6      | Found a glowing drain.
  5983 | Sewer    | Entered a sewer
  6095 | Sewer    | Noticed Purgy
  6109 | Sewer    | Killed Purgy
  6110 | Sewer    | Reached XP level 8. HP: 28/52 MP: 8/8
  6760 | D:6      | Reached skill level 10 in Unarmed Combat
  6996 | D:6      | Reached skill level 4 in Dodging
  7191 | D:6      | Reached skill level 5 in Dodging
  7231 | D:6      | Found an ancient bone altar of Kikubaaqudgha.
  7540 | D:6      | Reached skill level 6 in Dodging
  7614 | D:6      | Learned a level 2 spell: Wereblood
  7618 | D:6      | Learned a level 3 spell: Spider Form
  7637 | D:7      | Identified a potion of resistance
  7684 | D:7      | Reached XP level 9. HP: 56/56 MP: 9/9
  7799 | D:7      | Reached skill level 7 in Dodging
  8157 | D:8      | Reached * piety under Ashenzari
  8177 | D:8      | Identified the ring of the Queen {rN++ Str+6 Slay+2}
  8371 | D:8      | Noticed a hornet
  8377 | D:8      | Paralysed by a hornet for 2 turns
  8381 | D:8      | Killed a hornet
  8382 | D:8      | Reached skill level 8 in Dodging
  8676 | D:8      | Found Gikaq Jall's Antique Armour Shoppe.
  8914 | D:8      | Identified +0 steam dragon scales
  9095 | D:8      | Reached skill level 9 in Dodging
  9431 | D:8      | Acquired a manual of Unarmed Combat
  9437 | D:8      | Learned a level 3 spell: Swiftness
  9587 | D:9      | Noticed a two-headed ogre
  9592 | D:9      | Killed a two-headed ogre
  9593 | D:9      | Reached skill level 2 in Spellcasting
  9593 | D:9      | Reached skill level 2 in Transmutations
  9593 | D:9      | Reached skill level 3 in Poison Magic
  9593 | D:9      | Reached XP level 10. HP: 63/63 MP: 9/13
  9764 | D:9      | Reached skill level 3 in Spellcasting
  9764 | D:9      | Reached skill level 3 in Transmutations
  9777 | D:9      | Reached skill level 4 in Transmutations
  9863 | D:9      | Found a staircase to the Lair.
  9916 | D:9      | Reached skill level 5 in Transmutations
 10542 | D:9      | Found a stormy altar of Qazlal.
 10783 | D:10     | Entered Level 10 of the Dungeon
 10783 | D:10     | Found a snail-covered altar of Cheibriados.
 10873 | D:10     | Found a shadowy altar of Dithmenos.
 10874 | D:10     | Found a shimmering altar of Xom.
 10998 | D:10     | Found a staircase to the Orcish Mines.
 11044 | D:10     | Reached skill level 4 in Fighting
 11057 | D:10     | Reached ** piety under Ashenzari
 11279 | D:10     | Noticed a two-headed ogre
 11292 | D:10     | Killed a two-headed ogre
 11293 | D:10     | Reached skill level 11 in Unarmed Combat
 11494 | D:10     | Noticed a kobold demonologist
 11506 | D:10     | Found Ojure's Distillery.
 11509 | D:10     | Killed a kobold demonologist
 11510 | D:10     | Reached skill level 10 in Dodging
 11603 | D:10     | Reached skill level 5 in Fighting
 11795 | D:10     | Reached XP level 11. HP: 54/74 MP: 17/17
 11887 | D:10     | Noticed a skeletal warrior
 11887 | D:10     | Noticed a two-headed ogre
 12045 | D:10     | HP: 4/75 [skeletal warrior (23)]
 12062 | D:9      | HP: 1/75 [skeletal warrior (7)]
 12473 | D:9      | Killed a skeletal warrior
 12474 | D:9      | Reached skill level 12 in Unarmed Combat
 12720 | D:10     | Identified the +7 trident of the Lusting Hero {flame, rElec
                  | Int+5}
 12770 | D:10     | Reached skill level 6 in Fighting
 12892 | D:10     | Found a white marble altar of Elyvilon.
 13001 | D:10     | Killed a two-headed ogre
 13531 | D:10     | Noticed a two-headed ogre
 13675 | D:10     | Killed a two-headed ogre
 13685 | D:10     | Reached skill level 11 in Dodging
 14118 | D:11     | Reached skill level 7 in Fighting
 14121 | D:11     | Reached skill level 13 in Unarmed Combat
 14423 | D:11     | Noticed a cyclops
 14432 | D:11     | Killed a cyclops
 14559 | D:11     | Identified the +8 glaive "Esiclo" {vorpal, rElec}
 15603 | Lair:1   | Entered Level 1 of the Lair of Beasts
 15655 | Lair:1   | Noticed Fannar
 15669 | Lair:1   | Killed Fannar
 15670 | Lair:1   | Reached XP level 12. HP: 86/86 MP: 15/18
 15738 | Lair:1   | Reached skill level 8 in Fighting
 15962 | Lair:1   | Reached skill level 14 in Unarmed Combat
 16008 | Lair:1   | Noticed Grum
 16009 | Lair:1   | Identified +0 steam dragon scales
 16009 | Lair:1   | Noticed Maggie
 16022 | Lair:1   | Killed Maggie
 16031 | Lair:1   | Killed Grum
 16855 | Lair:1   | Found a glowing golden altar of the Shining One.
 17152 | Lair:1   | Noticed a six-headed hydra
 17162 | Lair:1   | Killed a six-headed hydra
 17163 | Lair:1   | Reached skill level 12 in Dodging
 17751 | Lair:2   | Reached skill level 9 in Fighting
 17800 | Lair:2   | Noticed Urug
 17810 | Lair:2   | Killed Urug
 17915 | Lair:2   | Noticed a catoblepas
 17935 | Lair:2   | HP: 3/88 [catoblepas (13)]
 17965 | Lair:1   | Slain by a blink frog

Vanquished Creatures
  Fannar (Lair:1)
  A hydra (Lair:1)
  4 two-headed ogres
  Urug (Lair:2)
  A skeletal warrior (D:9)
  A cyclops (D:11)
  2 black mambas
  A gargoyle (D:10)
  Maggie (Lair:1)
  2 cane toads (Lair:1)
  A komodo dragon (Lair:1)
  5 kobold demonologists
  3 trolls
  A hornet (D:8)
  A polar bear (Lair:1)
  3 wyverns
  Grum (Lair:1)
  A wraith (D:10)
  15 yaks
  4 vampire mosquitoes (D:11)
  A steam dragon (D:8)
  3 water moccasins
  7 orc warriors
  An ice beast (D:5)
  Purgy (Sewer)
  A sky beast (D:6)
  A black bear (D:6)
  18 wolves
  3 centaurs
  2 kobold brigands
  4 bullfrogs
  A gnoll sergeant (D:9)
  4 scorpions
  A water moccasin zombie (D:6)
  4 killer bees (D:11)
  An electric eel (D:11)
  2 jellies (D:6)
  3 centaur zombies
  8 hounds
  A bullfrog zombie (D:5)
  A centaur skeleton (D:6)
  Crazy Yiuf (D:2)
  An orc priest (D:8)
  Jessica (D:2)
  2 bullfrog skeletons
  11 orc wizards
  A scorpion zombie (D:5)
  A mummy (D:10)
  A howler monkey zombie (D:6)
  14 gnolls
  7 adders
  2 ufetubi
  A worm (D:3)
  50 orcs
  8 ball pythons
  8 endoplasms
  2 giant cockroaches
  9 goblins
  10 hobgoblins
  4 jackals
  10 kobolds
  A quokka (D:1)
  7 bats
  2 frilled lizards
  11 rats
283 creatures vanquished.

Vanquished Creatures (others)
  9 fungi
  6 plants
  5 toadstools (D:3)
20 creatures vanquished.

Grand Total: 303 creatures vanquished
